 Dungeon Crawl Stone Soup version 0.21.1-1-g345015f (webtiles) character file.

17806 valkyrieboi the Fencer (level 12, -12/103 HPs)
             Began as a Minotaur Fighter on May 28, 2018.
             Was a Believer of Nemelex Xobeh.
             Shot with an arrow by Nessos (16 damage)
             ... on level 4 of the Lair of Beasts.
             The game lasted 00:18:48 (13623 turns).

valkyrieboi the Fencer (Minotaur Fighter)          Turns: 13623, Time: 00:18:49

Health: -12/103    AC: 13    Str: 24    XL:     12   Next: 22%
Magic:  13/13      EV: 12    Int: 10    God:    Nemelex Xobeh [**....]
Gold:   709        SH: 11    Dex: 12    Spells: 11/11 levels left

rFire    . . .     SeeInvis +   A - +1 long sword (slice)
rCold    . . .     Gourm    .   c - +0 shield
rNeg     . . .     Faith    .   b - +2 troll leather armour {Snorg}
rPois    +         Spirit   .   z - +1 hat {Int+3}
rElec    .         Reflect  .   E - +0 cloak (curse)
rCorr    .         Harm     .   J - +1 pair of gloves of Butoavy {Int+2}
MR       .....                  D - +0 pair of boots
Stlth    +.........             (no amulet)
HPRegen  0.67/turn              e - ring of poison resistance
MPRegen  0.13/turn              r - ring of see invisible

@: hasted, very quick
A: retaliatory headbutt, horns 2
a: Renounce Religion


You were on level 4 of the Lair of Beasts.
You worshipped Nemelex Xobeh.
Nemelex Xobeh was pleased with you.
You were not hungry.

You visited 3 branches of the dungeon, and saw 13 of its levels.

You collected 709 gold pieces.

Inventory:

Hand Weapons
 a - a +0 war axe
 A - a +1 long sword of slicing (weapon)
Missiles
 G - 13 tomahawks (quivered)
Armour
 b - a +2 troll leather armour (worn) {Snorg}
 c - a +0 shield (worn)
 o - a +0 large shield
 q - a +0 plate armour
 z - a +1 hat of intelligence (worn)
 D - a +0 pair of boots (worn)
 E - a cursed +0 cloak (worn)
 J - the +1 pair of gloves of Butoavy (worn) {Int+2}
   (You found it on level 7 of the Dungeon)

   It affects your intelligence (+2).
Jewellery
 e - a ring of poison resistance (left hand)
 r - a ring of see invisible (right hand)
 I - the amulet of the Air {Inacc +Fly rElec EV+5 RMsl}
   (You found it on level 7 of the Dungeon)

   [amulet of inaccuracy]

   It reduces the accuracy of all your attacks.
   It affects your evasion (+5).
   It insulates you from electricity.
   It lets you fly.
   It protects you from missiles.
 P - a cursed -5 ring of intelligence {unknown}
Wands
 x - a wand of random effects (22)
 Q - a wand of flame (36)
Scrolls
 g - 3 scrolls of identify
 i - 2 scrolls of blinking
 j - 8 scrolls of remove curse {unknown}
 l - 2 scrolls of immolation {unknown}
 n - 2 scrolls of random uselessness {unknown}
 u - 2 scrolls of noise {unknown}
 y - a scroll of magic mapping {unknown}
 B - 6 scrolls of teleportation {unknown}
 C - a scroll of brand weapon {unknown}
 F - a scroll of summoning {unknown}
 M - 2 scrolls of enchant weapon {unknown}
 O - a scroll of vulnerability {unknown}
Potions
 d - 3 potions of flight
 h - 3 potions of heal wounds
 k - a potion of cancellation
 m - a potion of mutation
 p - 2 potions of magic
 s - a potion of invisibility
 t - a potion of degeneration
 v - a potion of brilliance
 w - a potion of haste
 H - a potion of curing
 S - a potion of agility
Miscellaneous
 L - a plain deck of destruction
 N - a plain deck of summoning
 R - a plain deck of summoning
Comestibles
 f - 19 rations
 K - 16 chunks of flesh


   Skills:
 + Level 8.8 Fighting
 - Level 17.1 Long Blades
 - Level 6.5 Axes
 + Level 8.7 Armour
 + Level 4.3 Dodging
 - Level 7.1 Shields
 + Level 3.8 Invocations


You had 11 spell levels left.
You didn't know any spells.

Dungeon Overview and Level Annotations

Branches:
Dungeon (8/15)             Temple (1/1) D:5            Lair (4/6) D:8
 Shoals (0/4) Lair:3        Snake (0/4) Lair:2

Altars:
Ashenzari
Cheibriados
Dithmenos
Elyvilon
Fedhas
Gozag
Hepliaklqana
Kikubaaqudgha
Makhleb
Nemelex Xobeh
Okawaru
Qazlal
Ru
Sif Muna
Trog
Uskayaw
Vehumet
Wu Jian
Xom
Yredelemnul
Zin
The Shining One

Shops:
D:5 **[(=

Annotations:
Lair:4 Nessos


Innate Abilities, Weirdness & Mutations

You reflexively headbutt those who attack you in melee.
You have a pair of horns on your head.


Message History

You see here an arrow.
Okay, then.
You feel much better.
Nessos shoots an arrow.
The arrow hits you! The arrow burns you.
Nessos shoots an arrow.
The arrow hits you!
* * * LOW HITPOINT WARNING * * *
The arrow burns you.
* * * LOW HITPOINT WARNING * * *
Nessos unwields an uncursed longbow of flaming.
It stops flaming.
You block Nessos's attack.
Nessos blinks!
A porcupine comes into view.
Nessos wields an uncursed longbow of flaming.
It bursts into flame!
Nessos shoots an arrow.
You block the arrow.
Nessos shoots an arrow.
The arrow hits you!
* * * LOW HITPOINT WARNING * * *
The arrow burns you.
* * * LOW HITPOINT WARNING * * *
Nessos shoots an arrow.
The arrow hits you!
You die...
Your body disappears without a glow.

...............##P.#....
.r................P<....
........................
...c....................
........................
........................
...................####.
....P.#..#####(#..## ##
...####@.#.##.(#### .
#.((........#
#...((..#..##
#.#.#..###(##
###.+.(#(##(P#
..............#
.................
............(.....
#########.####.####


You could see Nessos and a porcupine.

Vanquished Creatures
  Gastronok (Lair:2)
  Snorg (Lair:3)
  Nergalle (Lair:3)
  The ghost of Dazliare the Destroyer, a novice TeCj of Kikubaaqudgha (D:8)
  3 black mambas
  3 elephants (Lair:3)
  6 spiny frogs
  2 rime drakes
  2 komodo dragons
  The ghost of robbits the Insei, an amateur DsTm (D:4)
  2 hippogriffs
  Grinder (D:3)
  4 blink frogs (Lair:4)
  Sigmund (D:4)
  A basilisk (Lair:2)
  A human (D:7)
  11 yaks
  2 hungry ghosts
  4 hogs (D:7)
  4 nagas (Lair:2)
  2 water moccasins
  5 porcupines
  2 sky beasts
  An ice beast (D:7)
  An orc warrior (D:7)
  6 wolves (Lair:3)
  A tengu (Lair:4)
  2 crocodiles
  4 centaurs (Lair:3)
  4 big kobolds
  3 bullfrogs
  A wyvern skeleton (D:7)
  3 scorpions
  3 killer bees (D:7)
  2 howler monkeys
  A bullfrog zombie (D:6)
  A jelly (D:5)
  A crimson imp (D:8)
  2 bullfrog skeletons (D:7)
  2 hounds
  3 orc priests
  4 orc wizards
  A centaur skeleton (D:4)
  5 worker ants
  An iguana (D:4)
  A hound skeleton (D:5)
  5 gnolls
  11 adders
  3 shadow imps
  2 oozes
  2 adder skeletons
  5 worms
  2 dart slugs
  4 leopard geckos
  32 orcs
  4 ball pythons
  6 giant cockroaches
  9 goblins
  8 hobgoblins
  13 jackals
  7 quokkas
  7 bats
  6 frilled lizards
  A jackal skeleton (D:7)
  19 kobolds
  A quokka skeleton (D:6)
  12 rats
273 creatures vanquished.

Vanquished Creatures (collateral kills)
  A hydra (Lair:1)
  A spiny frog (Lair:1)
  A basilisk (Lair:1)
  A porcupine (Lair:1)
  A crocodile (Lair:1)
5 creatures vanquished.

Vanquished Creatures (others)
  A fungus (Lair:1)
  A plant (Lair:3)
2 creatures vanquished.

Grand Total: 280 creatures vanquished

Notes
Turn   | Place    | Note
-------+----------+-------------------------------------------
     0 | D:1      | valkyrieboi the Minotaur Fighter began the quest for the Orb.
     0 | D:1      | Reached XP level 1. HP: 19/19 MP: 0/0
    52 | D:1      | Reached XP level 2. HP: 23/27 MP: 1/1
   223 | D:1      | Reached XP level 3. HP: 14/33 MP: 2/2
   952 | D:2      | Found a snail-covered altar of Cheibriados.
  1026 | D:2      | Found a shimmering altar of Xom.
  1135 | D:2      | Reached XP level 4. HP: 31/41 MP: 3/3
  1296 | D:2      | Found a sparkling altar of Nemelex Xobeh.
  1633 | D:3      | Noticed Grinder
  1648 | D:3      | Reached XP level 5. HP: 14/47 MP: 4/4
  1652 | D:3      | Paralysed by Grinder for 3 turns
  1654 | D:3      | HP: 2/47 [Grinder (6)]
  1659 | D:3      | Paralysed by Grinder for 7 turns
  1688 | D:3      | Paralysed by Grinder for 3 turns
  1698 | D:3      | Paralysed by Grinder for 7 turns
  1741 | D:3      | HP: 1/47 [Grinder/nerve-wracking pain (10)]
  1742 | D:3      | Killed Grinder
  1742 | D:3      | Reached skill level 5 in Fighting
  1742 | D:3      | Reached skill level 5 in Armour
  1742 | D:3      | Reached skill level 5 in Shields
  1742 | D:3      | Reached XP level 6. HP: 1/56 MP: 5/5
  2824 | D:4      | Noticed Sigmund
  2851 | D:4      | Reached skill level 5 in Axes
  2851 | D:4      | Reached XP level 7. HP: 27/62 MP: 6/6
  2865 | D:4      | HP: 3/62 [something (7)]
  2868 | D:4      | Killed Sigmund
  3295 | D:4      | Noticed robbits's ghost (amateur DsTm)
  3312 | D:4      | Killed robbits's ghost
  3739 | D:5      | Entered Level 5 of the Dungeon
  3756 | D:5      | Reached XP level 8. HP: 58/71 MP: 7/7
  3805 | D:5      | Found Qamit's General Store.
  3877 | D:5      | Paralysed by fainting for 6 turns
  3892 | D:5      | Found Zaoc's Weapon Shop.
  4026 | D:5      | Found Vyxtaigi's Antique Armour Boutique.
  4033 | D:5      | Reached skill level 1 in Long Blades
  4039 | D:5      | Reached skill level 2 in Long Blades
  4176 | D:5      | Found Miekleul's General Store.
  4354 | D:5      | Found a staircase to the Ecumenical Temple.
  4404 | D:5      | Found Diedulea's Jewellery Shop.
  4456 | Temple   | Entered the Ecumenical Temple
  4697 | D:6      | Reached skill level 3 in Long Blades
  5052 | D:7      | Reached skill level 4 in Long Blades
  5064 | D:7      | Reached skill level 5 in Long Blades
  5267 | D:7      | Reached skill level 6 in Long Blades
  5347 | D:7      | Reached XP level 9. HP: 58/79 MP: 8/8
  5355 | D:7      | Reached skill level 7 in Long Blades
  5921 | D:7      | Reached skill level 8 in Long Blades
  5931 | D:7      | Reached skill level 9 in Long Blades
  6274 | D:7      | Found the amulet of the Air {Inacc +Fly rElec EV+5 RMsl}
  6279 | D:7      | Reached skill level 10 in Long Blades
  6287 | D:7      | Found an ancient bone altar of Kikubaaqudgha.
  6556 | D:7      | Found an opulent altar of Gozag.
  6917 | D:7      | Got a pair of polished gloves
  6923 | D:7      | Identified the +1 pair of gloves of Butoavy {Int+2} (You found it on level 7 of the Dungeon)
  7049 | D:8      | Found an ornate altar of the Wu Jian Council.
  7119 | D:8      | Reached skill level 11 in Long Blades
  7329 | D:8      | Found a staircase to the Lair.
  7354 | D:8      | Noticed Dazliare's ghost (novice TeCj)
  7366 | D:8      | Killed Dazliare's ghost
  7366 | D:8      | Reached XP level 10. HP: 62/86 MP: 9/9
  7571 | D:8      | Found a burning altar of Makhleb.
  7679 | D:8      | Reached skill level 12 in Long Blades
  8070 | D:2      | Became a worshipper of Nemelex Xobeh the Trickster
  8244 | Lair:1   | Entered Level 1 of the Lair of Beasts
  8244 | Lair:1   | Noticed a spiny frog
  8253 | Lair:1   | Noticed a spiny frog
  8266 | D:8      | Killed a spiny frog
  8680 | Lair:1   | Killed a spiny frog
  8683 | Lair:1   | Noticed a spiny frog
  8695 | Lair:1   | Killed a spiny frog
  8695 | Lair:1   | Reached skill level 13 in Long Blades
  8712 | D:8      | HP: 4/86 [poisoned by a spiny frog]
  8717 | D:8      | HP: 2/86 [poisoned by a spiny frog]
  8722 | D:8      | HP: 2/86 [poisoned by a spiny frog]
  8729 | D:8      | HP: 1/86 [poisoned by a spiny frog]
  9078 | Lair:1   | Received a gift from Nemelex Xobeh
  9208 | Lair:1   | You fall through a shaft!
  9400 | Lair:2   | Noticed a spiny frog
  9411 | Lair:2   | Killed a spiny frog
  9411 | Lair:2   | Reached skill level 14 in Long Blades
  9717 | Lair:2   | Found a basalt altar of Yredelemnul.
  9722 | Lair:2   | Noticed Gastronok
  9928 | Lair:2   | Killed Gastronok
  9928 | Lair:2   | Reached skill level 15 in Long Blades
  9928 | Lair:2   | Reached XP level 11. HP: 92/92 MP: 10/10
 10081 | Lair:2   | Received a gift from Nemelex Xobeh
 10084 | Lair:2   | Reached * piety under Nemelex Xobeh
 10446 | Lair:2   | Found a staircase to the Snake Pit.
 10797 | Lair:1   | Noticed a seven-headed hydra
 10804 | Lair:1   | Killed an eight-headed hydra
 10811 | Lair:1   | Reached skill level 16 in Long Blades
 11586 | Lair:1   | Received a gift from Nemelex Xobeh
 11858 | Lair:3   | Found a staircase to the Shoals.
 12086 | Lair:3   | Noticed Snorg
 12131 | Lair:3   | Killed Snorg
 12131 | Lair:3   | Reached skill level 17 in Long Blades
 12359 | Lair:3   | Noticed Nergalle
 12377 | Lair:3   | Killed Nergalle
 12377 | Lair:3   | Reached skill level 1 in Dodging
 12377 | Lair:3   | Reached skill level 1 in Invocations
 12599 | Lair:3   | Reached ** piety under Nemelex Xobeh
 12976 | Lair:3   | Reached XP level 12. HP: 90/102 MP: 13/13
 13373 | Lair:4   | Received a gift from Nemelex Xobeh
 13587 | Lair:4   | Noticed Nessos
 13622 | Lair:4   | HP: 4/103 [Nessos/arrow (6)]
 13623 | Lair:4   | Shot with an arrow by Nessos

Skill      XL: |  1  2  3  4  5  6  7  8  9 10 11 12 |
---------------+-------------------------------------+-----
Fighting       | 4 5 6 7 8 |  8.8
Armour         | 4 5 6 7 8 |  8.7
Shields        | 4 5 6 7 |  7.1
Axes           | 3 4 5 6 |  6.5
Long Blades    | 6 11 15 17 | 17.1
Dodging        | 3 4 |  4.3
Invocations    | 2 3 |  3.8

Action                   |  1- 3 |  4- 6 |  7- 9 | 10-12 || total
-------------------------+-------+-------+-------+-------++-------
Melee: War axe           |   102 |   177 |   132 |       ||   411
       Headbutt          |    14 |    31 |    76 |    89 ||   210
       Long sword        |       |       |   242 |   389 ||   631
Throw: Tomahawk          |       |       |       |     1 ||     1
Evoke: Deck              |       |       |       |     6 ||     6
  Use: Potion            |       |     6 |       |    12 ||    18
       Scroll            |       |       |       |    12 ||    12
  Eat: Chunk             |       |     6 |    20 |    12 ||    38
       Ration            |       |       |     1 |     2 ||     3
Armor: Scale mail        |    50 |    23 |       |       ||    73
       Plate armour      |       |    75 |   222 |    92 ||   389
       Skin              |       |    13 |       |       ||    13
       Troll leather arm |       |       |       |    57 ||    57
Dodge: Dodged            |    33 |    43 |    58 |   101 ||   235
Block: Shield            |    48 |   112 |   215 |   230 ||   605
       Rpst.: Long sword |       |       |    14 |    30 ||    44
